 Dungeon Crawl Stone Soup version 0.31-a0-692-gf03d1854d5 (webtiles) character file.

Game seed: 10523574452758169709

1380 qw the Skirmisher (level 8, -3/52 HPs)
             Began as a Gargoyle Hunter on Sept 6, 2023.
             Was an Initiate of Okawaru.
             Slain by a wight
             ... wielding a +0 dire flail
              (6 damage)
             ... on level 7 of the Dungeon.
             The game lasted 00:02:10 (5168 turns).

qw the Skirmisher (Gargoyle Hunter)                 Turns: 5168, Time: 00:02:11

Health: -3/52      AC: 14    Str: 15    XL:     8   Next: 66%
Magic:  8/8        EV: 11    Int: 10    God:    Okawaru [......]
Gold:   386        SH:  0    Dex: 15    Spells: 7/7 levels left

rFire   . . .        Y - +0 orcbow
rCold   . . .        (shield currently unavailable)
rNeg    + . .        a - +0 ring mail
rPois   inf          h - +2 helmet
rElec   +            (no cloak)
rCorr   .            (no gloves)
SInv    .            (no boots)
Will    .....        (no amulet)
Stlth   +            (no ring)
HPRegen 0.28/turn    (no ring)
MPRegen 0.11/turn

%: no passive effects
@: about to teleport
A: sickness immunity, AC +5, negative energy resistance 1, electricity
resistance, torment resistance 1, petrification resistance
a: Renounce Religion


You were on level 7 of the Dungeon.
You worshipped Okawaru.
Okawaru was noncommittal.
You visited 2 branches of the dungeon, and saw 8 of its levels.

You collected 386 gold pieces.


Innate Abilities, Weirdness & Mutations

You are immune to sickness and miasma.
Your stone body is resilient. (AC +5)
You are immune to poison.
You resist negative energy. (rN+)
You are resistant to electric shocks. (rElec)
You are resistant to unholy torment.
You are immune to petrification.


   Skills:
 - Level 6.4 Fighting
 + Level 9.1 Ranged Weapons
 - Level 2.1 Armour
 - Level 2.2 Dodging
 - Level 1.1 Stealth


You had 7 spell levels left.
You didn't know any spells.
Your spell library was empty.

Inventory:

Hand Weapons
 Y - a +0 orcbow (weapon)
Armour
 a - a +0 ring mail (worn)
 h - a +2 helmet (worn)
Jewellery
 d - a ring of fire
Scrolls
 c - a scroll of enchant armour
 g - 4 scrolls of teleportation
 n - a scroll of identify
Potions
 b - a potion of haste
 e - a potion of cancellation {unknown}
 f - a potion of attraction {unknown}
 j - 4 potions of curing
 k - a potion of heal wounds
 l - a potion of degeneration {unknown}
 m - a potion of might {unknown}
 p - a potion of enlightenment {unknown}
 s - a potion of ambrosia {unknown}
 t - a potion of mutation {unknown}

Dungeon Overview and Level Annotations

Branches:
Dungeon (7/15)             Temple (1/1) D:6

Altars:
Ashenzari
Cheibriados
Dithmenos
Elyvilon
Fedhas
Gozag
Hepliaklqana
Kikubaaqudgha
Makhleb
Nemelex Xobeh
Okawaru
Qazlal
Ru
Sif Muna
Trog
Uskayaw
Vehumet
Wu Jian
Xom
Yredelemnul
Zin
The Shining One

Shops:
D:7 [


Message History

You shoot an arrow. The arrow hits the wight.
The wight is almost destroyed.
A wight comes into view. It is wielding a +0 dire flail.
The wight hits you with a +4 long sword of freezing.
The wight freezes you. The wight closely misses you.
5159 |||
Found retreat position at -3,1 (stone_stairs_up_ii) with 0 blocking monsters and 1 monsters attacking at destination at distance 5
5159 ||| Stepping ~*~*~tactically~*~*~ (retreating).
5160 |||
Found retreat position at -2,2 (stone_stairs_up_ii) with 0 blocking monsters and 1 monsters attacking at destination at distance 4
5160 ||| Stepping ~*~*~tactically~*~*~ (retreating).
5161 |||
Found retreat position at -1,3 (stone_stairs_up_ii) with 0 blocking monsters and 1 monsters attacking at destination at distance 3
5161 ||| Stepping ~*~*~tactically~*~*~ (retreating).
You shoot an arrow. The arrow barely misses the wight.
The wight closely misses you.
You shoot an arrow.
The arrow hits the wight but does no damage.
The wight is almost destroyed.
The wight hits you with a +4 long sword of freezing!
The wight freezes you.
You shoot an arrow. The arrow hits the wight!
You destroy the wight!
Okawaru accepts your kill.
You shoot an arrow.
The arrow hits the wight but does no damage.
You shoot an arrow. The arrow hits the wight!
The wight is severely damaged.
The wight hits you with a +5 morningstar of freezing!
The wight freezes you. The wight closely misses you.
You shoot an arrow.
The arrow hits the wight but does no damage.
The wight is severely damaged.
The wight hits you with a +5 morningstar of freezing!
The wight freezes you. The wight closely misses you.
A wight comes into view. It is wielding a +6 hand axe.
The wight barely misses you.
5168 |||
Found retreat position at 0,2 (stone_stairs_up_ii) with 0 blocking monsters and 1 monsters attacking at destination at distance 2
5168 ||| READING 5 scrolls of teleportation.
As you read the scroll of teleportation, it crumbles to dust.
You feel strangely unstable.
The wight hits you with a +0 dire flail.
You die...

############
#...........
#####...........
#...#...........
+.....8.........
#...._.\........
#.>...8zzz#####
##.#...@#.###
####.#...#
#<###.$.# ###
##zz# .... ###


You could see 3 wights.

Vanquished Creatures
  A water moccasin (D:7)
  3 black bears
  A centaur (D:5)
  A bullfrog (D:6)
  A wight (D:7)
  2 howler monkeys
  2 jellies (D:5)
  An orc priest (D:5)
  2 hounds (D:5)
  A gnoll bouda (D:5)
  Terence (D:2)
  6 iguanas
  10 adders
  14 gnolls
  An ufetubus (D:5)
  A worm (D:2)
  2 dart slugs
  18 orcs
  12 ball pythons
  6 endoplasms
  6 giant cockroaches
  7 goblins
  5 hobgoblins
  14 jackals
  5 quokkas
  5 bats
  7 frilled lizards
  8 kobolds
  7 rats
150 creatures vanquished.

Notes
Turn   | Place    | Note
-------+----------+-------------------------------------------
     0 | D:1      | qw the Gargoyle Hunter began the quest for the Orb.
     0 | D:1      | Reached XP level 1. HP: 12/12 MP: 1/1
     0 | D:1      | 0 ||| qw: Version: 0.3-a-76-g4403597
     0 | D:1      | 0 ||| qw: Game counter: 265
     0 | D:1      | 0 ||| qw: Melee chars always use a shield: true
     0 | D:1      | 0 ||| qw: God list: Okawaru
     0 | D:1      | 0 ||| qw: Allow faded altars: false
     0 | D:1      | 0 ||| qw: Do Orc after clearing Dungeon:15 true
     0 | D:1      | 0 ||| qw: Do second Lair branch before Depths: true
     0 | D:1      | 0 ||| qw: Lair rune preference: random
     0 | D:1      | 0 ||| qw: Goals: Normal
     0 | D:1      | 0 ||| PLANNING D:1-11
   119 | D:1      | Reached XP level 2. HP: 17/17 MP: 2/2
   255 | D:1      | Reached XP level 3. HP: 21/21 MP: 3/3
   354 | D:1      | Found a faded altar of an unknown god.
   391 | D:1      | Reached skill level 5 in Ranged Weapons
   831 | D:1      | 831 ||| UPGRADING to +0 helmet.
   836 | D:1      | 836 ||| READING scroll labelled LAISKU BEWNO.
   837 | D:1      | 837 ||| READING 4 scrolls labelled WOOFUU XOUPLI.
   841 | D:1      | 841 ||| READING scroll labelled TAWNIU ADEM.
   842 | D:1      | 842 ||| DRINKING 2 red potions.
   843 | D:1      | 843 ||| DROPPING scroll of butterflies.
   981 | D:2      | Found a hazy altar of Hepliaklqana.
  1071 | D:2      | Noticed Terence
  1086 | D:2      | Killed Terence
  1087 | D:2      | Reached skill level 3 in Fighting
  1087 | D:2      | Reached XP level 4. HP: 15/28 MP: 4/4
  1654 | D:2      | 1654 ||| READING 2 scrolls labelled JIEDGH AKUK.
  1655 | D:2      | 1655 ||| READING scroll of enchant weapon.
  1655 | D:2      | 1655 ||| ENCHANTING +1 shortbow.
  1656 | D:2      | 1656 ||| READING 2 scrolls labelled IDAOWO MODGHU.
  1657 | D:2      | 1657 ||| READING scroll labelled FEBRIE VUFEMU.
  1658 | D:2      | 1658 ||| READING scroll labelled FIURIV TUXT.
  1659 | D:2      | 1659 ||| READING scroll labelled QUHEGA OPTIMM.
  1760 | D:2      | 1760 ||| READING scroll labelled YPLOEFROTS.
  1761 | D:2      | 1761 ||| DROPPING scroll of vulnerability.
  1849 | D:3      | Reached XP level 5. HP: 32/32 MP: 5/5
  2017 | D:3      | Reached skill level 6 in Ranged Weapons
  2022 | D:3      | 2022 ||| READING scroll of enchant armour.
  2022 | D:3      | 2022 ||| ENCHANTING +0 helmet.
  2103 | D:3      | 2103 ||| READING scroll of enchant weapon.
  2103 | D:3      | 2103 ||| ENCHANTING +2 shortbow.
  2242 | D:3      | Reached skill level 1 in Armour
  2298 | D:3      | Found a radiant altar of Vehumet.
  2298 | D:3      | Found a sacrificial altar of Ru.
  2369 | D:3      | 2369 ||| DROPPING +6 ring of intelligence.
  2370 | D:3      | 2370 ||| READING scroll labelled JOETWE GUHAI.
  2371 | D:3      | 2371 ||| DRINKING 2 coppery potions.
  2372 | D:3      | 2372 ||| DRINKING 3 viscous amethyst potions.
  2373 | D:3      | 2373 ||| DROPPING 2 potions of invisibility.
  2429 | D:4      | Reached XP level 6. HP: 30/39 MP: 6/6
  2591 | D:4      | 2591 ||| READING scroll of enchant weapon.
  2591 | D:4      | 2591 ||| ENCHANTING +3 shortbow.
  2790 | D:4      | Noticed a black bear
  2795 | D:4      | Killed a black bear
  2796 | D:4      | Reached skill level 7 in Ranged Weapons
  3041 | D:4      | 3041 ||| READING scroll of enchant armour.
  3041 | D:4      | 3041 ||| ENCHANTING +1 helmet.
  3297 | D:4      | 3297 ||| READING 3 scrolls labelled ESIATHA LUKA.
  3298 | D:4      | 3298 ||| DROPPING 2 scrolls of fear.
  3346 | D:5      | Entered Level 5 of the Dungeon
  3358 | D:5      | Reached XP level 7. HP: 44/44 MP: 7/7
  3462 | D:5      | 3462 ||| SWAPPING to +0 orcbow.
  3483 | D:5      | 3483 ||| DROPPING +4 shortbow.
  3492 | D:5      | Reached skill level 8 in Ranged Weapons
  3842 | D:5      | Reached XP level 8. HP: 49/49 MP: 8/8
  3848 | D:5      | 3848 ||| Stepping ~*~*~tactically~*~*~ (outnumbered).
  3849 | D:5      | 3849 ||| Stepping ~*~*~tactically~*~*~ (outnumbered).
  3850 | D:5      | 3850 ||| Stepping ~*~*~tactically~*~*~ (outnumbered).
  3851 | D:5      | 3851 ||| Stepping ~*~*~tactically~*~*~ (outnumbered).
  3858 | D:5      | 3858 ||| Stepping ~*~*~tactically~*~*~ (outnumbered).
  4297 | D:5      | Reached skill level 9 in Ranged Weapons
  4558 | D:5      | 4558 ||| UPGRADING to +0 ring mail.
  4568 | D:5      | 4568 ||| DROPPING +0 leather armour.
  4569 | D:5      | 4569 ||| READING 2 scrolls labelled KUEMPOTYDE.
  4570 | D:5      | 4570 ||| DRINKING 2 smoky puce potions.
  4571 | D:5      | 4571 ||| DRINKING 2 orange potions.
  4596 | D:5      | 4596 ||| DROPPING potion of brilliance.
  4597 | D:5      | 4597 ||| DROPPING scroll of poison.
  4598 | D:5      | 4598 ||| DROPPING potion of lignification.
  4607 | D:6      | 4607 ||| STAIRDANCE
  4630 | D:6      | 4630 ||| STAIRDANCE
  4680 | D:6      | 4680 ||| STAIRDANCE
  4691 | D:6      | 4691 ||| STAIRDANCE
  4726 | D:6      | 4726 ||| STAIRDANCE
  4819 | D:6      | Found a staircase to the Ecumenical Temple.
  4820 | D:6      | 4820 ||| PLANNING TEMPLE
  4820 | D:6      | 4820 ||| READING 2 scrolls of identify.
  4820 | D:6      | 4820 ||| IDENTIFYING bubbling inky potion
  4829 | Temple   | Entered the Ecumenical Temple
  4830 | Temple   | 4830 ||| PLANNING OKAWARU WORSHIP
  4845 | Temple   | Became a worshipper of Warmaster Okawaru
  4846 | Temple   | 4846 ||| PLANNING D:1-11
  4876 | D:6      | Found an ancient bone altar of Kikubaaqudgha.
  4886 | D:6      | Found a blossoming altar of Fedhas.
  4887 | D:6      | Found a hide-covered altar of Uskayaw.
  4887 | D:6      | Found an opulent altar of Gozag.
  5132 | D:7      | Found Cheibriados's Comfort Zone.
  5132 | D:7      | Found a snail-covered altar of Cheibriados.
  5142 | D:7      | Reached skill level 6 in Fighting
  5159 | D:7      | 5159 ||| Stepping ~*~*~tactically~*~*~ (retreating).
  5160 | D:7      | 5160 ||| Stepping ~*~*~tactically~*~*~ (retreating).
  5161 | D:7      | 5161 ||| Stepping ~*~*~tactically~*~*~ (retreating).
  5167 | D:7      | HP: 4/52 [wight/+5 morningstar of freezing (11)]
  5168 | D:7      | 5168 ||| READING 5 scrolls of teleportation.
  5168 | D:7      | Slain by a wight

Levels and vault maps discovered:
D:1:      lemuel_arrival_funnel, layout_basic, ebering_ecumenical_altar_box,
          minmay_unequal
D:2:      layout_basic, basic_altar, grunt_ministairs_15, uniq_terence
D:3:      layout_rooms, gammafunk_temple_overflow_elements, grunt_ministairs_10
D:4:      layout_loops_corners, minmay_vboxes
D:5:      layout_layer_cave
D:6:      layout_rooms, grunt_temple_overflow_open,
          minmay_temple_entry_statues_pillars
D:7:      layout_basic, minmay_shop_chei
Temple:   eino_temple_rhombus

Skill      XL: |  1  2  3  4  5  6  7  8 |
---------------+-------------------------+-----
Ranged Weapons | 5 6 7 8 9 |  9.1
Fighting       | 3 4 5 6 |  6.4
Armour         | 1 2 |  2.1
Dodging        | 2 |  2.2
Stealth        | |  1.1

Action                     |  1- 3 |  4- 6 |  7- 9 || total
---------------------------+-------+-------+-------++-------
   Fire: Shortbow          |   120 |   194 |    23 ||   337
         Orcbow            |       |       |   197 ||   197
    Use: Scroll            |     3 |    13 |     3 ||    19
         Potion            |     1 |     2 |     2 ||     5
 Armour: Leather armour    |    23 |    46 |    50 ||   119
         Ring mail         |       |       |    58 ||    58
  Dodge: Dodged            |    24 |    39 |    89 ||   152

Table legend:
 A = Non-vault XP
 B = Vault XP
 C = Vault XP percentage of total XP
 D = Non-vault monster count
 E = Vault monster count
 F = Vault count percentage of total count
                 A         B        C        D         E       F
            +---------+---------+-------+---------+---------+-------
      Total |    1870 |     102 |   5.2 |     137 |      13 |   8.7
            +---------+---------+-------+---------+---------+-------
        D:1 |      48 |       4 |   7.7 |      30 |       3 |   9.1
        D:2 |      44 |      38 |  46.3 |      17 |       3 |  15.0
        D:3 |     134 |       3 |   2.2 |      17 |       2 |  10.5
        D:4 |     282 |      57 |  16.8 |      26 |       5 |  16.1
        D:5 |     961 |       0 |   0.0 |      36 |       0 |   0.0
        D:6 |     176 |       0 |   0.0 |       9 |       0 |   0.0
        D:7 |     225 |       0 |   0.0 |       2 |       0 |   0.0
            +---------+---------+-------+---------+---------+-------
